 Dungeon Crawl Stone Soup version 0.31-a0-1101-g9ad1905e61 (webtiles) character file.

Game seed: 10733335141255680413

1965 glosham the Thaumaturge (level 9, -11/57 HPs)
             Began as a Djinni Shapeshifter on Dec 2, 2023.
             Mangled by a wight
             ... wielding a +5 battleaxe
              (23 damage)
             ... on level 7 of the Dungeon.
             The game lasted 01:45:51 (3732 turns).

glosham the Thaumaturge (Djinni Shapeshifter)       Turns: 3732, Time: 01:45:52

Health: -11/57     AC:  2    Str: 13    XL:     9   Next: 42%
Gold:   276        EV: 12    Int: 16    God:
                   SH:  0    Dex: 13

rFire   + + .        a - +2 flail (heavy)
rCold   x . .        (no shield)
rNeg    . . .        h - +0 animal skin
rPois   ∞            (helmet currently unavailable)
rElec   .            (cloak currently unavailable)
rCorr   .            (gloves currently unavailable)
SInv    .            (boots unavailable)
Will    .....        z - amulet of the acrobat
Stlth   +            Z - ring of wizardry
HPRegen 0.29/turn    (no ring)
MPRegen 0.00/turn

%: acrobat, wizardry (x1), infuse magic (-12 HP)
@: beast-form, flying
A: beast (slay +1), flying, sickness immunity, fire resistance 2, cold
vulnerability 1, float, innate caster, HP casting, extra vitality 1
a: Begin Untransformation


You were on level 7 of the Dungeon.
You were a hulking beast.
You visited 2 branches of the dungeon, and saw 8 of its levels.

You collected 276 gold pieces.

Inventory:

Hand Weapons
 a - a +2 heavy flail (weapon)
 b - a +0 sling
 d - a +0 spear
 n - the +1 short sword of Sandy Defiance {spect, rElec rCorr Str+4 Int-5}
   (You found it on level 5 of the Dungeon)

   Str+4:     It affects your strength (+4).
   Int-5:     It affects your intelligence (-5).
   rElec:     It insulates you from electricity.
   rCorr:     It protects you from acid and corrosion.
 x - a +0 long sword
 D - a +3 dagger of protection
 E - a +0 orcbow
Missiles
 i - 12 boomerangs
 j - 8 poisoned darts (quivered)
Armour
 e - a +0 chain mail
 f - a +0 ring mail
 h - a +0 animal skin (worn)
 v - a +0 kite shield
 w - an orb of wrath
 A - a +0 buckler
 F - a +0 leather armour
Jewellery
 z - an amulet of the acrobat (around neck)
 Z - a ring of wizardry (left hand)
Talismans
 c - a beast talisman
 o - a flux talisman
Wands
 g - a wand of digging (3)
Scrolls
 k - 3 scrolls of teleportation
 m - 2 scrolls of fog
 p - 2 scrolls of poison
 s - a scroll of summoning
 t - a scroll of enchant weapon
Potions
 q - a potion of lignification
 u - 2 potions of brilliance {unknown}
 y - a potion of resistance {unknown}
 C - a potion of heal wounds {unknown}


   Skills:
 - Level 1.0 Fighting
 - Level 2.1 Dodging
 - Level 3.0 Unarmed Combat
 * Level 8.7 Spellcasting
 * Level 8.7 Conjurations
 * Level 8.7 Hexes
   Level 0.0 Charms
 * Level 8.7 Summonings
 * Level 8.7 Necromancy
 * Level 8.7 Translocations
 * Level 8.7 Transmutations
 * Level 8.7 Fire Magic
 * Level 8.7 Ice Magic
 * Level 8.7 Air Magic
 * Level 8.7 Earth Magic
 * Level 8.7 Poison Magic
 - Level 2.6 Shapeshifting


You knew the following spells:

 Your Spells              Type           Power      Damage    Failure   Level
a - Anguish               Hex/Necr       17%        N/A       1%          4
s - Sting                 Tmut/Pois      100%       1d8       1%          1
x - Searing Ray           Conj           70%        2d7       1%          2
z - Frozen Ramparts       Ice            70%        1d11      1%          3
Your spell library was empty.

Dungeon Overview and Level Annotations

Branches:
Dungeon (7/15)             Temple (1/1) D:5

Altars:
Ashenzari
Dithmenos
Elyvilon
Fedhas
Gozag
Hepliaklqana
Okawaru
Qazlal
Ru
Trog
Uskayaw
Xom
Zin
The Shining One

Shops:
D:3 (   D:5 (

Annotations:
D:4 Ijyb, Pikel, Sigmund


Innate Abilities, Weirdness & Mutations

You are a hulking beast.
Your limbs bulge with bestial killing power. (Slay +1)
You are flying.
You are immune to sickness and miasma.
You are immune to poison.
Your flesh is very heat resistant. (rF++)
You are vulnerable to cold. (rC-)
You float through the air rather than walking.
You learn spells naturally, not from books.
Your magical power is your life essence.
You have superior vitality. (+4 MHP)


Message History

The water moccasin is severely wounded.
* * * LOW HITPOINT WARNING * * *
You finish channelling your searing ray.
The wall freezes the water moccasin.
The water moccasin seems to slow down.
The water moccasin barely misses you.
Casting: Searing Ray (safe; 1% risk of failure)
Confirm with . or Enter, or press ? or * to list all spells.
Aiming: Searing Ray (safe; 1% risk of failure)
Press: ? - help, Shift-Dir - straight line, f - wight, p - water moccasin
Aim: a wight, wielding a +5 battleaxe and wearing a +2 robe of positive energy (81% to hit)
The searing ray misses the water moccasin.
The searing ray hits the wight.
The wight is moderately damaged. (Press . to maintain the ray.)
* * * LOW HITPOINT WARNING * * *
You kill the orc warrior!
You feel better.
The wall freezes the water moccasin!
You kill the water moccasin!
You hear a distant slurping noise.
The wall freezes the wight but does no damage.
Casting: Searing Ray (safe; 1% risk of failure)
Confirm with . or Enter, or press ? or * to list all spells.
Aiming: Searing Ray (safe; 1% risk of failure)
Press: ? - help, Shift-Dir - straight line, f/p - wight
Aim: a wight, wielding a +5 battleaxe and wearing a +2 robe of positive energy (moderately damaged, 81% to hit)
The searing ray hits the wight but does no damage.
The wight is moderately damaged. (Press . to maintain the ray.)
The wall freezes the wight but does no damage.
The wight barely misses you.
The searing ray misses the wight.
The frozen ramparts melt away.
The wight hits you with a +5 battleaxe!
* * * LOW HITPOINT WARNING * * *
Unknown command.
Without enough magic to sustain it, your searing ray dissipates.
The wight misses you.
Unknown command.
You feel better.
The wight hits you with a +5 battleaxe!!
You die...

#............###
#............#
##.#.........####
#..#......>..)..)
##............####
#.#...........#
......#.#########
#(##.###..#.#
#)..)zh..#.#
..###.##.:#.#
.........#.#
l###+###...# #..##
#..# #.## #.# #.#


You could see a wight.

Vanquished Creatures
  Grinder (D:5)
  A steam dragon (D:6)
  A water moccasin (D:7)
  An orc warrior (D:7)
  3 black bears
  A centaur (D:7)
  2 phantoms (D:6)
  A lemure (D:3)
  2 kobold brigands (D:7)
  A scorpion (D:6)
  A howler monkey (D:6)
  4 hounds
  2 orc priests
  2 jellies
  4 iguanas
  A sleepcap (D:6)
  2 orc wizards (D:4)
  8 adders
  3 gnolls (D:3)
  A shadow imp (D:6)
  5 white imps
  2 worms (D:3)
  4 dart slugs
  25 orcs
  9 ball pythons
  3 bats (D:3)
  8 endoplasms
  3 giant cockroaches
  6 goblins
  4 hobgoblins (D:3)
  20 kobolds
  2 quokkas
  5 frilled lizards
  8 rats
146 creatures vanquished.

Notes
Turn   | Place    | Note
-------+----------+-------------------------------------------
     0 | D:1      | glosham the Djinni Shapeshifter began the quest for the
                  | Orb.
     0 | D:1      | Reached XP level 1. HP: 17/17 MP: 0/0
    42 | D:1      | You are sucked into a shaft and drop 1 floor!
    51 | D:3      | Found Foyrig's Antique Weapon Shop.
    77 | D:3      | Found an iron altar of Okawaru.
    98 | D:4      | Noticed a black bear
    98 | D:4      | Found a blossoming altar of Fedhas.
   112 | D:4      | Killed a black bear
   113 | D:4      | Reached XP level 2. HP: 14/22 MP: 0/0
   113 | D:4      | Reached XP level 3. HP: 17/27 MP: 0/0
   113 | D:4      | Learned a level 1 spell: Sting
   113 | D:4      | Reached XP level 4. HP: 21/32 MP: 0/0
   143 | D:4      | Noticed Ijyb
   156 | D:3      | Reached skill level 3 in Spellcasting
   156 | D:3      | Reached skill level 3 in Conjurations
   156 | D:3      | Reached skill level 3 in Hexes
   156 | D:3      | Reached skill level 3 in Summonings
   156 | D:3      | Reached skill level 3 in Necromancy
   156 | D:3      | Reached skill level 3 in Translocations
   156 | D:3      | Reached skill level 3 in Transmutations
   156 | D:3      | Reached skill level 3 in Fire Magic
   156 | D:3      | Reached skill level 3 in Ice Magic
   156 | D:3      | Reached skill level 3 in Air Magic
   156 | D:3      | Reached skill level 3 in Earth Magic
   156 | D:3      | Reached skill level 3 in Poison Magic
   191 | D:2      | Reached XP level 5. HP: 27/37 MP: 0/0
   191 | D:2      | Learned a level 2 spell: Searing Ray
   429 | D:3      | Found a bloodstained altar of Trog.
   532 | D:4      | Reached XP level 6. HP: 8/42 MP: 0/0
  1150 | D:4      | Noticed Pikel
  1267 | D:4      | Noticed Sigmund
  1284 | D:5      | Entered Level 5 of the Dungeon
  1289 | D:5      | Found a broken altar of Ashenzari.
  1328 | D:5      | Reached XP level 7. HP: 35/47 MP: 0/0
  1328 | D:5      | Learned a level 3 spell: Frozen Ramparts
  1359 | D:5      | Identified the +1 short sword of Sandy Defiance {spect,
                  | rElec rCorr Str+4 Int-5}
  1513 | D:5      | Found Giqil's Weapon Boutique.
  1626 | D:5      | Found a glowing golden altar of the Shining One.
  1628 | D:5      | Found a stormy altar of Qazlal.
  1682 | D:5      | Found a staircase to the Ecumenical Temple.
  1725 | D:5      | Noticed Grinder
  1734 | D:5      | Killed Grinder
  1900 | D:1      | Found a faded altar of an unknown god.
  2286 | D:1      | Reached XP level 8. HP: 50/52 MP: 0/0
  2480 | D:2      | Reached skill level 6 in Spellcasting
  2480 | D:2      | Reached skill level 6 in Conjurations
  2480 | D:2      | Reached skill level 6 in Hexes
  2480 | D:2      | Reached skill level 6 in Summonings
  2480 | D:2      | Reached skill level 6 in Necromancy
  2480 | D:2      | Reached skill level 6 in Translocations
  2480 | D:2      | Reached skill level 6 in Transmutations
  2480 | D:2      | Reached skill level 6 in Fire Magic
  2480 | D:2      | Reached skill level 6 in Ice Magic
  2480 | D:2      | Reached skill level 6 in Air Magic
  2480 | D:2      | Reached skill level 6 in Earth Magic
  2480 | D:2      | Reached skill level 6 in Poison Magic
  2776 | D:6      | Found a shadowy altar of Dithmenos.
  3176 | D:6      | Found an opulent altar of Gozag.
  3210 | Temple   | Entered the Ecumenical Temple
  3429 | D:7      | Reached XP level 9. HP: 42/57 MP: 0/0
  3429 | D:7      | Learned a level 4 spell: Anguish
  3730 | D:7      | HP: 1/57 [wight/+5 battleaxe (15)]
  3732 | D:7      | Mangled by a wight

Illustrated notes

Levels and vault maps discovered:
D:1:      dpeg_arrival_short_road, layout_loops_ring,
          hellmonk_ecumenical_altar_heavens_door
D:2:      layout_rooms, small_statue_intersection
D:3:      minmay_thinvault, layout_rooms, okawaru_metal_pillars_1_2,
          lightli_temple_of_fire, serial_shops, shop
D:4:      layout_rooms, fedhas_altar_1, minmay_manual_moon, uniq_ijyb,
          uniq_pikel, uniq_sigmund
D:5:      black_bear_nest_1, layout_loops_cross, lemuel_crystal_altar,
          chequers_temple_overflow_statue_of_worship,
          minmay_temple_entry_from_below_a, serial_shops,
          nicolae_shop_bloodbath_and_beyond, grunt_decor_arrowhead, uniq_grinder
D:6:      layout_loops_cross, grunt_gozag_breadcrumbs,
          nicolae_dithmenos_the_darkroom
D:7:      layout_basic, grunt_temple_overflow_magic_moments, enter_bailey_2,
          minmay_shattered_shrine
Temple:   hellmonk_temple_rainy

Skill      XL: |  1  2  3  4  5  6  7  8  9 |
---------------+----------------------------+-----
Spellcasting   | 2 3 4 5 7 8 |  8.7
Conjurations   | 2 3 4 5 7 8 |  8.7
Hexes          | 2 3 4 5 7 8 |  8.7
Summonings     | 2 3 4 5 7 8 |  8.7
Necromancy     | 2 3 4 5 7 8 |  8.7
Translocations | 2 3 4 5 7 8 |  8.7
Transmutations | 2 3 4 5 7 8 |  8.7
Fire Magic     | 2 3 4 5 7 8 |  8.7
Ice Magic      | 2 3 4 5 7 8 |  8.7
Air Magic      | 2 3 4 5 7 8 |  8.7
Earth Magic    | 2 3 4 5 7 8 |  8.7
Poison Magic   | 2 3 4 5 7 8 |  8.7
Fighting       | |  1.0
Dodging        | |  2.1
Unarmed Combat | |  3.0
Shapeshifting  | |  2.6

Action                     |  1- 3 |  4- 6 |  7- 9 || total
---------------------------+-------+-------+-------++-------
  Melee: Unarmed           |    19 |    20 |       ||    39
         Punch             |       |     4 |       ||     4
         Flail             |       |    19 |    12 ||    31
  Throw: Dart              |       |       |    16 ||    16
         Throwing net      |       |       |     2 ||     2
   Cast: Sting             |       |     1 |       ||     1
         Searing Ray       |       |    39 |    75 ||   114
         Frozen Ramparts   |       |       |    14 ||    14
         Anguish           |       |       |     1 ||     1
    Use: Potion            |     1 |       |     3 ||     4
         Scroll            |       |     3 |     4 ||     7
   Stab: Sleeping          |     2 |       |       ||     2
         Distracted        |       |       |     1 ||     1
 Armour: Skin              |    29 |       |       ||    29
         Animal skin       |     6 |    45 |    37 ||    88
  Dodge: Dodged            |     6 |    52 |    52 ||   110

Table legend: (Time is in decaauts)
 A = Elapsed time spent in this place.
 B = Non-inter-level travel time spent in this place.
 C = Inter-level travel time spent in this place.
 D = Time resting spent in this place.
 E = Time spent auto-exploring this place.
 F = Levels seen in this place.
 G = Mean time per level.
                   A        B        C        D        E       F      G
               +--------+--------+--------+--------+--------+-----+--------+
         Total |   3770 |   3638 |    132 |     53 |      0 |   8 |  471.2 |
       Dungeon |   3768 |   3636 |    132 |     53 |      0 |   7 |  538.3 |
        Temple |      1 |      1 |      0 |      0 |      0 |   1 |    1.0 |
               +--------+--------+--------+--------+--------+-----+--------+

Top non-repeatable levels by time:
     D:3: 868 daAuts
     D:6: 639 daAuts
     D:5: 600 daAuts
     D:1: 552 daAuts
     D:2: 428 daAuts
     D:7: 385 daAuts
     D:4: 293 daAuts
  Temple: 1 daAuts

Table legend: (Time is in decaauts)
 A = Elapsed time spent in this place.
 B = Non-inter-level travel time spent in this place.
 C = Inter-level travel time spent in this place.
 D = Time resting spent in this place.
 E = Time spent auto-exploring this place.
 F = Levels seen in this place.
 G = Mean time per level.
                   A        B        C        D        E       F      G
               +--------+--------+--------+--------+--------+-----+--------+
         Total |   3770 |   3638 |    132 |     53 |      0 |   8 |  471.2 |
       Dungeon |   3768 |   3636 |    132 |     53 |      0 |   7 |  538.3 |
        Temple |      1 |      1 |      0 |      0 |      0 |   1 |    1.0 |
               +--------+--------+--------+--------+--------+-----+--------+

Top non-repeatable levels by time:
     D:3: 868 daAuts
     D:6: 639 daAuts
     D:5: 600 daAuts
     D:1: 552 daAuts
     D:2: 428 daAuts
     D:7: 385 daAuts
     D:4: 293 daAuts
  Temple: 1 daAuts

Table legend:
 A = Kills in this place as a percentage of kills in the entire game.
 B = Kills by you in this place as a percentage of kills by you in the entire game.
 C = Kills by friends in this place as a percentage of kills by friends in the entire game.
 D = Other kills in this place as a percentage of other kills in the entire game.
 E = Experience gained in this place as a percentage of experience gained in the entire game.
 F = Experience gained in this place divided by the number of levels of this place that you have seen.
                   A       B       C       D       E      F
               +-------+-------+-------+-------+-------+----------------------
         Total | 100.0 | 100.0 |   N/A |   N/A | 100.0 | 351.0
       Dungeon | 100.0 | 100.0 |   N/A |   N/A | 100.0 | 401.1
               +-------+-------+-------+-------+-------+----------------------

Levels and vault maps discovered:
D:1:      dpeg_arrival_short_road, layout_loops_ring,
          hellmonk_ecumenical_altar_heavens_door
D:2:      layout_rooms, small_statue_intersection
D:3:      minmay_thinvault, layout_rooms, okawaru_metal_pillars_1_2,
          lightli_temple_of_fire, serial_shops, shop
D:4:      layout_rooms, fedhas_altar_1, minmay_manual_moon, uniq_ijyb,
          uniq_pikel, uniq_sigmund
D:5:      black_bear_nest_1, layout_loops_cross, lemuel_crystal_altar,
          chequers_temple_overflow_statue_of_worship,
          minmay_temple_entry_from_below_a, serial_shops,
          nicolae_shop_bloodbath_and_beyond, grunt_decor_arrowhead, uniq_grinder
D:6:      layout_loops_cross, grunt_gozag_breadcrumbs,
          nicolae_dithmenos_the_darkroom
D:7:      layout_basic, grunt_temple_overflow_magic_moments, enter_bailey_2,
          minmay_shattered_shrine
Temple:   hellmonk_temple_rainy
